 Dungeon Crawl Stone Soup version 0.23-a0-470-g6f7cfd9 (webtiles) character file.

71 Amnesiac the Skirmisher (level 4, 0/27 HPs)
             Began as a Deep Elf Fighter on Nov 26, 2018.
             Slain by an adder (3 damage)
             ... on level 3 of the Dungeon.
             The game lasted 00:03:04 (1293 turns).

Amnesiac the Skirmisher (Deep Elf Fighter)          Turns: 1293, Time: 00:03:05

Health: 0/27       AC: 10    Str: 14    XL:     4   Next: 5%
Magic:  6/6        EV: 10    Int: 18    God:
Gold:   30         SH:  9    Dex: 19    Spells: 3/3 levels left

rFire    . . .     SeeInvis .   k - +2 whip (elec)
rCold    . . .     Gourm    .   c - +0 shield
rNeg     . . .     Faith    .   n - +0 chain mail
rPois    .         Spirit   .   m - +0 helmet
rElec    .         Reflect  .   (no cloak)
rCorr    .         Harm     .   (no gloves)
MR       .....                  (no boots)
Stlth    ..........             (no amulet)
HPRegen  0.09/turn              (no ring)
MPRegen  0.10/turn              (no ring)

@: brilliant, agile, lethally poisoned (0 -> -1)
A: no striking features
a: no special abilities


You were on level 3 of the Dungeon.
You were not hungry.

You visited 1 branch of the dungeon, and saw 3 of its levels.

You collected 30 gold pieces.

Inventory:

Hand Weapons
 a - a +0 long sword
 k - a +2 whip of electrocution (weapon)
Missiles
 o - 38 arrows
Armour
 c - a +0 shield (worn)
 m - a +0 helmet (worn)
 n - a +0 chain mail (worn)
Scrolls
 e - a scroll of blinking {!r, unknown}
 g - 2 scrolls of remove curse {!r, unknown}
 i - 2 scrolls of fog {!r, unknown}
Potions
 d - a potion of might {!q}
 l - a potion of ambrosia {!q, unknown}
Comestibles
 b - 2 chunks of flesh
 f - 4 rations


   Skills:
 * Level 2.9 Fighting
 - Level 2.0 Long Blades
 * Level 2.9 Armour
 + Level 2.9 Dodging
 - Level 2.4 Shields


You had 3 spell levels left.
You didn't know any spells.
Your spell library was empty.

Dungeon Overview and Level Annotations

Branches:
Dungeon (3/15)

Altars:
The Shining One

Portals:
Sewer: D:3


Message History

Your shield and chain mail prevent you from hitting the adder.
The adder bites you but does no damage. The adder barely misses you.
Your chain mail prevents you from hitting the adder.
The adder bites you.
You are poisoned.
The adder poisons you!
You closely miss the adder.
You feel sick. The adder bites you but does no damage.
You block the adder's attack.
You hit the adder. Lightning courses through the adder!
You kill the adder!
You have reached level 4!
You feel clever.
You feel sick. The adder bites you but does no damage.
You hit the adder.
The adder is lightly wounded.
You block the adder's attack.
You closely miss the adder.
The adder is lightly wounded.
The adder barely misses you.
A goblin comes into view. It is wielding a +0 club.
The adder bites you but does no damage.
You barely miss the adder.
The adder is lightly wounded.
You feel sick.
The goblin shouts!
You block the adder's attack.
You miss the adder.
The adder is lightly wounded.
You block the adder's attack. The adder barely misses you.
You closely miss the adder.
The adder is lightly wounded.
You feel sick. You block the adder's attack.
You hit the adder.
The adder is moderately wounded.
The adder bites you but does no damage. You block the adder's attack.
You completely miss the adder.
The adder is moderately wounded.
The adder barely misses you.
You hit the adder.
The adder is heavily wounded.
The adder bites you but does no damage. You block the adder's attack.
Your chain mail prevents you from hitting the adder.
The adder is heavily wounded.
You feel sick. You block the adder's attack.
You closely miss the adder.
The adder is heavily wounded.
The adder bites you.
* * * LOW HITPOINT WARNING * * *
The adder bites you.
* * * LOW HITPOINT WARNING * * *
You are too injured to fight recklessly!
You miss the adder.
The adder is heavily wounded.
The adder bites you but does no damage.
Really quaff
h - a grey potion {!q}?
It was a potion of brilliance {!q}.
You feel clever all of a sudden.
You feel sick. You block the adder's attack.
The adder bites you but does no damage.
Really quaff
j - an amethyst potion {!q}?
It was a potion of agility {!q}.
You feel agile all of a sudden. The adder bites you.
You die...

#..##.###...(# #.
#<.##..#..##..
##.###...#.........
.............>......
###.#####.#.........
###.#≈≈≈#.......<...
....#≈≈≈#.#........S
....#≈∩≈#[..(.......
###.#≈≈≈#@#.........
#.#≈≈≈#S########..
###.##'##S#
........gs#
###.#..#..#
#$...#..# #..#.#..#
....#.#..# ....
#....#


You could see 2 adders, a giant cockroach and a goblin.

Vanquished Creatures
  3 adders
  A dart slug (D:2)
  2 leopard geckos
  An orc (D:3)
  5 bats
  3 giant cockroaches (D:1)
  3 goblins
  7 hobgoblins
  3 jackals (D:1)
  2 frilled lizards (D:1)
  5 kobolds
  2 rats
37 creatures vanquished.

Notes
Turn   | Place    | Note
-------+----------+-------------------------------------------
     0 | D:1      | Amnesiac the Deep Elf Fighter began the quest for the Orb.
     0 | D:1      | Reached XP level 1. HP: 13/13 MP: 3/3
   108 | D:1      | Reached skill level 1 in Dodging
   113 | D:1      | Reached XP level 2. HP: 18/18 MP: 4/4
   870 | D:2      | Found a glowing golden altar of the Shining One.
   907 | D:2      | Reached XP level 3. HP: 20/22 MP: 5/5
  1230 | D:3      | Found a glowing drain.
  1280 | D:3      | Reached XP level 4. HP: 14/27 MP: 6/6
  1293 | D:3      | Slain by an adder

Vault maps used:
D:1:      ncdulo_halloftheorcs
D:2:      serial_bayou_pond_e, nicolae_tso_carved_into_rock
D:3:      wad_pebble_path, lemuel_crystal_altar, gup_sewer_entry_glass,
          first_ration

Skill      XL: |  1  2 |
---------------+-------+-----
Long Blades    | 2 |  2.0
Dodging        | 1 2 |  2.9
Fighting       | |  2.9
Armour         | |  2.9
Shields        | |  2.4

Action                   |  1- 3 |  4- 6 || total
-------------------------+-------+-------++-------
Melee: Long sword        |    48 |       ||    48
       Whip              |    69 |    11 ||    80
  Use: Potion            |       |     2 ||     2
  Eat: Chunk             |     1 |       ||     1
Armor: Scale mail        |    42 |       ||    42
       Chain mail        |    27 |     6 ||    33
Dodge: Dodged            |    38 |     3 ||    41
Block: Shield            |    56 |     8 ||    64
       Rpst.: Long sword |     4 |       ||     4

Table legend:
 A = Non-vault XP
 B = Vault XP
 C = Vault XP percentage of total XP
 D = Non-vault monster count
 E = Vault monster count
 F = Vault count percentage of total count
                 A         B        C        D         E       F
            +---------+---------+-------+---------+---------+-------
      Total |      89 |      13 |  12.7 |      36 |       1 |   2.7
            +---------+---------+-------+---------+---------+-------
        D:1 |      30 |       0 |   0.0 |      17 |       0 |   0.0
        D:2 |      36 |       0 |   0.0 |      13 |       0 |   0.0
        D:3 |      23 |      13 |  36.1 |       6 |       1 |  14.3
            +---------+---------+-------+---------+---------+-------
